 Dungeon Crawl Stone Soup version 0.31.0-4-g52a2dc7128 (webtiles) character file.

Game seed: 5681211876970992547

227 Gottschkopf the Trooper (level 5, -11/50 HPs)
             Began as a Minotaur Fighter on Jan 22, 2024.
             Was a Follower of Makhleb.
             Mangled by an ogre
             ... wielding a +0 giant spiked club
              (22 damage)
             ... on level 4 of the Dungeon.
             The game lasted 00:04:49 (2377 turns).

Gottschkopf the Trooper (Minotaur Fighter)          Turns: 2377, Time: 00:04:49

Health: -11/50     AC:  7    Str: 22    XL:     5   Next: 70%
Magic:  4/4        EV:  9    Int:  5    God:    Makhleb [*.....]
Gold:   161        SH:  4    Dex: 10    Spells: 4/4 levels left

rFire   + . .        k - +2 dagger (vamp)
rCold   . . .        c - +0 buckler
rNeg    . . .        b - +0 scale mail
rPois   +            (helmet restricted)
rElec   .            (no cloak)
rCorr   .            (no gloves)
SInv    .            (no boots)
Will    .....        (no amulet) Stlth
                     i - ring of poison resistance
HPRegen 0.28/turn    o - ring of protection from fire
MPRegen 0.09/turn

%: no passive effects
@: no status effects
A: horns 2, retaliatory headbutt
a: Renounce Religion


You were on level 4 of the Dungeon.
You worshipped Makhleb.
Makhleb was aware of your devotion.
You visited 1 branch of the dungeon, and saw 4 of its levels.

You collected 161 gold pieces.

Inventory:

Hand Weapons
 a - a +0 long sword
 k - a +2 vampiric dagger (weapon)
 w - a +2 dagger of venom
Armour
 b - a +0 scale mail (worn)
 c - a +0 buckler (worn)
Magical Staves
 q - a staff of conjuration
Jewellery
 i - a ring of poison resistance (left hand)
 o - a ring of protection from fire (right hand)
 s - a ring of flight
Talismans
 u - a maw talisman
Scrolls
 j - 3 scrolls of noise {unknown}
 l - a scroll of teleportation {unknown}
 m - a scroll of identify {unknown}
 r - a scroll of poison {unknown}
 t - a scroll of immolation {unknown}
Potions
 d - a potion of might
 e - a potion of degeneration {unknown}
 f - 2 potions of enlightenment {unknown}
 g - 2 potions of heal wounds {unknown}
 h - a potion of berserk rage {unknown}
 n - a potion of attraction {unknown}
 p - a potion of curing {unknown}
 v - a potion of resistance {unknown}


   Skills:
 + Level 6.1 Fighting
 - Level 2.4 Long Blades
 + Level 6.1 Armour
 - Level 3.6 Shields


You had 4 spell levels left.
You didn't know any spells.
Your spell library contained the following spells:

 Spells                   Type           Power      Damage    Failure   Level
 Dazzling Flash           Conj/Hex       0%         N/A       99%         3
 Mephitic Cloud           Conj/Alch/Air  0%         N/A       99%         3
 Curse of Agony           Necr           0%         N/A       100%        5
 Silence                  Hex/Air        0%         N/A       100%        5


Dungeon Overview and Level Annotations

Branches:
Dungeon (4/15)
 Temple: D:4-7

Altars:
Makhleb
Sif Muna

Shops:
D:3 [


Innate Abilities, Weirdness & Mutations

You have a pair of horns on your head.
You reflexively headbutt those who attack you in melee.


Message History

The ogre is severely wounded.
An ogre comes into view. It is wielding a +0 giant spiked club.
The ogre barely misses you. You furiously retaliate!
You headbutt the ogre. The goblin barely misses you.
The ogre shouts!
You hit the ogre. You headbutt the ogre.
The ogre is almost dead.
The goblin hits you but does no damage. The ogre barely misses you.
You hit the ogre.
You kill the ogre!
Makhleb accepts your kill. The goblin barely misses you.
Your Fighting skill increases to level 6!
Your Armour skill increases to level 6!
You barely miss the goblin. The goblin hits you but does no damage.
You hit the goblin.
You kill the goblin!
Makhleb accepts your kill.
You see here a +2 dagger of venom.
w - a +2 dagger of venom You hit the ogre.
The ogre is lightly wounded.
The ogre hits you with a +0 giant spiked club.
You hit the ogre.
You feel better.
The ogre is lightly wounded.
The ogre hits you with a +0 giant spiked club!!
You hit the ogre.
You feel better.
The ogre is moderately wounded.
You barely miss the ogre.
The ogre is moderately wounded.
The ogre closely misses you. You furiously retaliate!
You headbutt the ogre. You barely miss the ogre.
The ogre is moderately wounded.
The ogre hits you with a +0 giant spiked club!!
* * * LOW HITPOINT WARNING * * *
You hit the ogre.
You feel better.
The ogre is moderately wounded.
The ogre attacks as it pursues you!
The ogre hits you with a +0 giant spiked club!!
You die...

#.#....... ...#.....###
###...........#..#...#.##
.##.##.####......##..#..##
..#.##.. #...............#
.... .......>...........#
... ^..........##..## ..
.........###.###
.....#........##
..)....@.......#
...#...O......##
###.)..##### #.....#
#..#.)# ....##... .....
....# .........##
......#.##


You could see an ogre.

Vanquished Creatures
  An ogre (D:4)
  A bombardier beetle (D:3)
  5 adders
  A ribbon worm (D:2)
  9 bats
  6 endoplasms
  5 giant cockroaches
  6 goblins
  3 hobgoblins
  2 jackals (D:1)
  3 kobolds
  3 quokkas
  10 ball pythons
  A frilled lizard (D:2)
  A rat (D:2)
57 creatures vanquished.

Notes
Turn   | Place    | Note
-------+----------+-------------------------------------------
     0 | D:1      | Gottschkopf the Minotaur Fighter began the quest for the
                  | Orb.
     0 | D:1      | Reached XP level 1. HP: 19/19 MP: 0/0
   205 | D:1      | Reached XP level 2. HP: 19/27 MP: 1/1
   861 | D:2      | Reached XP level 3. HP: 34/34 MP: 2/2
  1009 | D:2      | Found a shimmering blue altar of Sif Muna.
  1340 | D:2      | Found a faded altar of an unknown god.
  1348 | D:2      | Reached XP level 4. HP: 39/41 MP: 3/3
  1357 | D:2      | Prayed at the altar of an unknown god.
  1357 | D:2      | Became a worshipper of Makhleb the Destroyer
  1357 | D:2      | Reached * piety under Makhleb
  1411 | D:2      | Reached skill level 5 in Armour
  1413 | D:2      | Reached skill level 5 in Fighting
  1825 | D:3      | Found Carurch's Armour Boutique.
  2267 | D:4      | Reached XP level 5. HP: 45/48 MP: 4/4
  2355 | D:4      | Noticed an ogre
  2364 | D:4      | Noticed an ogre
  2366 | D:4      | Killed an ogre
  2377 | D:4      | Mangled by an ogre

Illustrated notes

Levels and vault maps discovered:
D:1:      psy_arrival_heroes, layout_loops_ring, corexii_hall_statues_i
D:2:      mumra_celtic_spiral_tile, layout_loops_ring, basic_altar,
          nicolae_ecumenical_snake_handling, corexii_item_surrounded_by_moat
D:3:      layout_loops_ring, serial_shops, nicolae_shop_scrapyard
D:4:      layout_cave_pools, uniq_eustachio

Skill      XL: |  1  2  3  4  5 |
---------------+----------------+-----
Fighting       | 4 5 6 |  6.1
Armour         | 4 5 6 |  6.1
Long Blades    | |  2.4
Shields        | |  3.6

Action                     |  1- 3 |  4- 6 || total
---------------------------+-------+-------++-------
  Melee: Long sword        |    41 |       ||    41
         Headbutt          |     9 |    12 ||    21
         Dagger            |    59 |    77 ||   136
 Armour: Scale mail        |    70 |    37 ||   107
  Dodge: Dodged            |    52 |    31 ||    83
  Block: Buckler           |    30 |     8 ||    38
